 Dungeon Crawl Stone Soup version 0.29-a0-834-g1e95ca9f62 (webtiles) character file.

Game seed: 13315526411592098012

92 Sabo the Chopper (level 4, 0/34 HPs)
             Began as a Demonspawn Gladiator on July 12, 2022.
             Was a High Priest of Ignis.
             Killed by divine providence
             ... invoked by an orc priest
              (12 damage)
             ... on level 3 of the Dungeon.
             The game lasted 00:09:47 (1395 turns).

Sabo the Chopper (Demonspawn Gladiator)             Turns: 1395, Time: 00:09:50

Health: 0/34       AC:  9    Str: 16    XL:     4   Next: 35%
Magic:  4/4        EV:  7    Int: 10    God:    Ignis [*****.]
Gold:   130        SH:  0    Dex: 14    Spells: 3/3 levels left

rFire   + . .      SeeInvis +   a - +1 war axe
rCold   . . .      Faith    .   (no shield)
rNeg    + . .      Spirit   .   r - +0 scale mail
rPois   .          Reflect  .   c - +0 helmet
rElec   .          Harm     .   (no cloak)
rCorr   .          Rampage  .   j - +1 pair of gloves
Will    .....                   (no boots)
Stlth   ..........              i - amulet of regeneration
HPRegen 0.91/turn               g - ring of see invisible
MPRegen 0.09/turn               m - ring of positive energy

@: constricted
A: hooves 2
a: Renounce Religion, Fiery Armour, Foxfire Swarm, Rising Flame


You were on level 3 of the Dungeon.
You worshipped Ignis.
Ignis was extremely pleased with you.
You visited 1 branch of the dungeon, and saw 3 of its levels.

You collected 130 gold pieces.

Inventory:

Hand Weapons
 a - a +1 war axe (weapon)
Missiles
 d - 3 throwing nets (quivered)
 e - a javelin
Armour
 c - a +0 helmet (worn)
 j - a +1 pair of gloves (worn)
 r - a +0 scale mail (worn)
Jewellery
 g - a ring of see invisible (left hand)
 i - an amulet of regeneration (around neck)
 m - a ring of positive energy (right hand)
 t - a ring of fire
Scrolls
 h - a scroll of fog {unknown}
 k - a scroll of enchant weapon
 l - 2 scrolls of silence
 n - a scroll of blinking
 q - 2 scrolls of teleportation
 s - a scroll of enchant armour {unknown}
 u - a scroll of immolation {unknown}
Potions
 b - a potion of flight {unknown}
 f - 2 potions of berserk rage {unknown}
 o - 2 potions of heal wounds {unknown}
 p - 5 potions of curing


   Skills:
 + Level 2.4 Fighting
 + Level 3.4 Axes
 + Level 2.1 Throwing
 + Level 1.2 Armour
 + Level 3.3 Dodging


You had 3 spell levels left.
You didn't know any spells.
Your spell library was empty.

Dungeon Overview and Level Annotations

Branches:
Dungeon (3/15)

Altars:
Ignis


Innate Abilities, Weirdness & Mutations

You have hoof-like feet.


Message History

A bat comes into view.
An orc priest comes into view. It is wielding a +0 club.
The orc priest shouts!
A ball python comes into view.
The orc priest looks encouraged for a moment.
An orc comes into view. It is wielding a +0 flail.
The orc priest casts a cantrip, but nothing happens.
The ball python hisses angrily.
The bat attacks as you move away! The bat closely misses you.
The bat hits you but does no damage. The bat misses you.
The bat barely misses you. The bat hits you but does no damage.
The bat closely misses you. The bat hits you but does no damage.
The bat attacks as you move away! The bat closely misses you.
The bat hits you but does no damage.
The orc priest calls down the wrath of Beogh upon you.
Beogh smites you!
You hit the bat.
The bat is severely wounded.
The bat barely misses you.
The orc priest calls down the wrath of Beogh upon you.
Beogh smites you!
An orc comes into view. It is wielding a +0 club.
The bat hits you but does no damage. The ball python bites you.
The ball python barely misses you.
The ball python bites you but does no damage.
The ball python grabs you. The ball python constricts you.
You closely miss the ball python. You slash the orc!
You kill the orc!
You closely miss the orc. The bat closely misses you. The bat hits you.
The ball python bites you but does no damage.
The ball python constricts you. The orc closely misses you.
You closely miss the ball python. Your kick misses the ball python.
You slash the orc!
You kill the orc!
You barely miss the bat. The bat barely misses you.
The ball python barely misses you. The ball python constricts you.
The orc priest calls down the wrath of Beogh upon you.
Beogh smites you!
You die...

......####### ..............#
#...................#
#>..................#
#...#...#.o.........#
+.......#...........#
#.......#...o..b....#
#.......+..oS)....###
#.......#.##@...###
#..........#....#
#...............#
................# .⌠≈
..#..#####......# ..≈≈ .
#.............## ≈.≈≈#
........#............##≈.≈##.
......###.............#≈.≈#..
........#..............≈.≈P.#


You could see an orc priest, 2 orcs, a bat and a ball python.

Vanquished Creatures
  3 adders (D:2)
  A gnoll (D:1)
  3 dart slugs
  3 orcs (D:3)
  3 ball pythons
  6 endoplasms
  3 giant cockroaches
  A goblin (D:2)
  4 hobgoblins
  5 jackals
  A kobold (D:1)
  3 bats
  3 frilled lizards
  5 rats
44 creatures vanquished.

Vanquished Creatures (others)
  A dart slug (D:2)
  5 plants (D:3)
6 creatures vanquished.

Grand Total: 50 creatures vanquished

Notes
Turn   | Place    | Note
-------+----------+-------------------------------------------
     0 | D:1      | Sabo the Demonspawn Gladiator began the quest for the Orb.
     0 | D:1      | Reached XP level 1. HP: 16/16 MP: 1/1
   169 | D:1      | Gained mutation: You have large cloven feet. [demonic
                  | ancestry]
   169 | D:1      | Reached XP level 2. HP: 21/22 MP: 2/2
   294 | D:1      | Found a faded altar of an unknown god.
   303 | D:1      | Prayed at the altar of an unknown god.
   303 | D:1      | Became a worshipper of Ignis, the Dying Flame
   628 | D:2      | Reached XP level 3. HP: 27/27 MP: 3/3
   745 | D:2      | Reached skill level 1 in Armour
   766 | D:2      | You fall into a shaft and drop 1 floor!
   935 | D:2      | Gained mutation: You have hoof-like feet. [demonic
                  | ancestry]
   935 | D:2      | Reached XP level 4. HP: 34/34 MP: 4/4
  1395 | D:3      | Killed from afar by an orc priest

Illustrated notes

Levels and vault maps discovered:
D:1:      dpeg_arrival_connections, layout_rooms,
          shapermc_ecumenical_altar_hornbeckon, chequers_serial_rivers_small_a,
          st_stairs_3
D:2:      layout_rooms, st_stairs_2
D:3:      layout_basic, nicolae_elyvilon_temple_path

Skill      XL: |  1  2  3 |
---------------+----------+-----
Throwing       | 2 |  2.1
Axes           | 3 |  3.4
Dodging        | 3 |  3.3
Armour         | 1 |  1.2
Fighting       | |  2.4

Action                   |  1- 3 |  4- 6 || total
-------------------------+-------+-------++-------
Melee: War axe           |    69 |    30 ||    99
       Punch             |     2 |       ||     2
       Kick              |     9 |     2 ||    11
  Use: Scroll            |     1 |     3 ||     4
       Potion            |       |     1 ||     1
Armor: Leather armour    |    26 |       ||    26
       Scale mail        |     8 |    28 ||    36
Dodge: Dodged            |    56 |    30 ||    86

Table legend: (Time is in decaauts)
 A = Elapsed time spent in this place.
 B = Non-inter-level travel time spent in this place.
 C = Inter-level travel time spent in this place.
 D = Time resting spent in this place.
 E = Time spent auto-exploring this place.
 F = Levels seen in this place.
 G = Mean time per level.
                   A        B        C        D        E       F      G
               +--------+--------+--------+--------+--------+-----+--------+
         Total |   1442 |   1442 |      0 |     12 |      0 |   3 |  480.7 |
       Dungeon |   1442 |   1442 |      0 |     12 |      0 |   3 |  480.7 |
               +--------+--------+--------+--------+--------+-----+--------+

Top non-repeatable levels by time:
     D:1: 606 daAuts
     D:2: 514 daAuts
     D:3: 321 daAuts
